 Dungeon Crawl Stone Soup version 0.30-a0-808-g6e0788376e (console) character file.

Game seed: 13011379260031180800

298001 jejorda2 the Phalangite (level 20, -22/174 HPs)
             Began as a Merfolk Berserker on Feb 25, 2023.
             Was a High Priest of Trog.
             Blown up by a great orb of eyes (46 damage)
             ... with a mindburst bolt
             ... on level 4 of the Vaults.
             The game lasted 02:01:28 (36048 turns).

jejorda2 the Phalangite (Merfolk Berserker)        Turns: 36048, Time: 02:01:28

Health: -22/174    AC: 37    Str: 26    XL:     20   Next: 95%
Magic:  20/20      EV: 14    Int:  8    God:    Trog [*****.]
Gold:   2350       SH:  0    Dex: 14    Spells: 19/19 levels left

rFire   + . .      SeeInvis +    a - +7 bardiche (flame)
rCold   + . .      Faith    .    (shield currently unavailable)
rNeg    . . .      Spirit   .    N - +7 plate armour of Okawaru's Benevolence {rF+ Will+}
rPois   +          Reflect  .    Z - +3 crown of Dyrovepreva {rElec Int+2 SInv}
rElec   +          Harm     .    e - +1 cloak {rPois}
rCorr   .          Rampage  .    s - +2 pair of gloves
Will    ++...                    Q - +2 pair of boots {Fly} Stlth
                                 G - amulet of Piamexti {RegenMP Regen+}
HPRegen 1.29/turn                T - ring of protection from fire
MPRegen 0.57/turn                J - ring of ice

@: flying
A: (nimble swimmer 2), mertail
}: 2/15 runes: decaying, gossamer
a: Renounce Religion, Berserk, Trog's Hand, Brothers in Arms


You were on level 4 of the Vaults.
You worshipped Trog.
Trog was extremely pleased with you.
You visited 6 branches of the dungeon, and saw 34 of its levels.
You visited the Abyss 1 time.
You also visited: Ice Cave and Volcano.

You collected 4356 gold pieces.
You spent 2006 gold pieces at shops.

Inventory:

Hand Weapons
 a - a +7 bardiche of flaming (weapon)
 b - a +2 antimagic glaive
Missiles
 c - 314 stones (quivered)
 k - 5 curare-tipped darts
 r - 25 poisoned darts
 t - 19 boomerangs
 v - 11 javelins
 y - 3 silver boomerangs
 K - 8 atropa-tipped darts
Armour
 e - a +1 cloak of poison resistance (worn)
 s - a +2 pair of gloves (worn)
 N - the +7 plate armour of Okawaru's Benevolence (worn) {rF+ Will+}
   (You found it in an ice cave)

   rF:        It protects you from fire.
   Will:      It increases your willpower.
 Q - a +2 pair of boots of flying (worn)
 Z - the +3 crown of Dyrovepreva (worn) {rElec Int+2 SInv}
   (You found it on level 15 of the Dungeon)

   Int:       It affects your intelligence (+2).
   rElec:     It insulates you from electricity.
   SInv:      It lets you see invisible.
Jewellery
 q - a ring of willpower
 w - a ring of ice
 G - the amulet of Piamexti (around neck) {RegenMP Regen+}
   (You found it on level 11 of the Dungeon)

   [amulet of magic regeneration]

   It increases your rate of magic regeneration.
   Regen:     It increases your rate of health regeneration.
 J - a ring of ice (right hand)
 T - a ring of protection from fire (left hand)
Wands
 d - a wand of digging (8)
 u - a wand of flame (26)
 z - a wand of polymorph (20)
 H - a wand of charming (24)
 M - a wand of quicksilver (16)
 S - a wand of roots (23)
 X - a wand of mindburst (13)
Scrolls
 h - 4 scrolls of fear
 l - 13 scrolls of teleportation
 p - a scroll of brand weapon
 A - 5 scrolls of poison
 B - 3 scrolls of silence
 D - a scroll of summoning
 F - 3 scrolls of blinking
 L - 3 scrolls of magic mapping
 R - 3 scrolls of fog
 U - 3 scrolls of enchant weapon
 V - 6 scrolls of immolation
Potions
 f - 7 potions of cancellation
 g - 13 potions of heal wounds
 i - 24 potions of curing
 j - 3 potions of invisibility
 m - 4 potions of attraction
 n - 6 potions of resistance
 o - 6 potions of mutation
 x - 5 potions of might
 C - a potion of flight
 I - 5 potions of haste
 W - 5 potions of ambrosia
Miscellaneous
 E - a phial of floods
 O - a condenser vane
 Y - a lightning rod (4/4)


   Skills:
 + Level 19.4 Fighting
 + Level 24.2 Polearms
 - Level 19.5 Throwing
 * Level 15.3 Armour
 + Level 16.5 Dodging
 - Level 9.0 Evocations


You had 19 spell levels left.
You didn't know any spells.
Your spell library was empty.

Dungeon Overview and Level Annotations

Branches:
Dungeon (15/15)            Temple (0/1) D:5            Lair (5/5) D:9
  Swamp (4/4) Lair:2       Spider (4/4) Lair:2        Slime (0/5) Lair:5
    Orc (2/2) D:11            Elf (0/3) Orc:2        Vaults (4/5) D:13
  Crypt (0/3) Vaults:3     Depths (0/4) D:15          IceCv (visited)
Volcano (visited)

Altars:
Ashenzari
Cheibriados
Elyvilon
Gozag
Kikubaaqudgha
Makhleb
Nemelex Xobeh
Ru
Sif Muna
Vehumet
Yredelemnul
The Shining One
Lugonu

Shops:
D:10 *   Orc:2 *(?:   Vaults:1 *   Vaults:2 (!   Vaults:3 [

Portals:
Abyss: Lair:5
Trove: D:15 (give +2 gold dragon scales)

Annotations:
D:5 3 runed translucent doors, bande's ghost, novice GrFi
D:6 exclusion: statue
Vaults:3 exclusion: 2 doors
Vaults:4 2 transporters, exclusion: orange crystal statue


Innate Abilities, Weirdness & Mutations

((You are very nimble when in or above water. (Stealth+, EV+, Speed+++)))
Your lower body shifts to a powerful aquatic tail in water.


Message History

You are too injured to fight recklessly!
You are too injured to fight recklessly!
You are too injured to fight recklessly!
You are too injured to fight recklessly!
You are too injured to fight recklessly!
You slash the peacekeeper! You burn the peacekeeper.
The peacekeeper is moderately damaged.
The crystal guardian hits you but does no damage.
The peacekeeper bites you but does no damage.
The peacekeeper claws you but does no damage.
You slice the peacekeeper like a ripe choko!!!
You burn the peacekeeper.
You destroy the peacekeeper!
Trog accepts your kill.
You completely miss the crystal guardian.
The crystal guardian hits you but does no damage.
You slash the crystal guardian!
The crystal guardian is moderately damaged.
The crystal guardian hits you.
You slash the crystal guardian!
The crystal guardian is heavily damaged.
You slash the crystal guardian!
The crystal guardian is severely damaged.
The crystal guardian hits you!!!
* * * LOW HITPOINT WARNING * * *
You hit the crystal guardian but do no damage.
The crystal guardian is severely damaged.
The crystal guardian fires a crystalline bolt at you.
The crystal bolt burns you!! You resist.
* * * LOW HITPOINT WARNING * * *
You slice the crystal guardian!!
You destroy the crystal guardian!
Trog accepts your kill.
You slice the great orb of eyes!! You burn the great orb of eyes!
The great orb of eyes is heavily wounded.
You slice the great orb of eyes!! You burn the great orb of eyes.
The great orb of eyes is almost dead.
The great orb of eyes gazes at you.
Your mind is blasted!
You die...

#...# #...# ...# .# #...#
...#..# #...# ...#.. #...# ...'.
#### #...# ...# #.#. #...# ...
##.# #...#####G###..# #.#)
#.......@......# ##.#
#..............# #.##
#..............# #..#
#..............# #.##
#..............# ##.#
#..............# #.##
#..............# ##.#
#...#########..# #.#.
+#######...#.......#..#######'##


You could see a great orb of eyes.

Vanquished Creatures
  Bai Suzhen (Swamp:3)
  Margery (Vaults:3)
  Nikola (Vaults:1)
  Jorgrun (Swamp:3)
  A lich (Abyss:2)
  Mlioglotl (Spider:1)
  A quicksilver dragon (Vaults:3)
  4 sphinxes
  2 tentacled starspawn (Abyss:2)
  A thorn hunter (Swamp:4)
  Kirke (Lair:5)
  A tengu reaver (Vaults:3)
  Roxanne (D:15)
  2 azure jellies (Vaults:3)
  A fenstrider witch (Swamp:4)
  An iron dragon (Vaults:3)
  7 emperor scorpions
  Aizul (Vaults:3)
  7 vault wardens
  A frost giant (IceCv)
  5 ghost moths
  An orc warlord (Vaults:1)
  8 ironbound preservers
  2 broodmothers
  Nessos (D:12)
  2 eleionomae
  15 dire elephants
  A deep elf annihilator (Vaults:3)
  7 ironbound thunderhulks
  5 bunyips
  Snorg (Orc:1)
  An ettin (Vaults:4)
  4 spark wasps
  4 entropy weavers
  2 shambling mangroves (Swamp:4)
  2 crystal guardians (Vaults:4)
  A fire dragon (Vaults:3)
  A blizzard demon (Abyss:2)
  Josephine (D:12)
  3 yaktaur captains
  Fannar (Lair:3)
  A deep elf high priest (Vaults:4)
  4 great orbs of eyes
  20 hydras
  2 vault guards
  7 ironbound frosthearts
  Erolcha (Orc:1)
  A jorogumo (Spider:2)
  A radroach (Spider:2)
  A catoblepas (Lair:5)
  A rakshasa (Abyss:2)
  3 ogre magi (Vaults:3)
  7 centaur warriors
  A peacekeeper (Vaults:4)
  12 boulder beetles
  14 alligators
  10 death yaks
  A deep troll earth mage (D:11)
  2 tengu warriors
  2 two-headed ogres
  4 thrashing horrors
  7 large abominations
  3 orc high priests (Orc:2)
  A skyshark (Lair:4)
  8 spriggans
  5 hell knights
  2 pharaoh ants
  A sun moth (Spider:4)
  A sixfirhy (Abyss:2)
  18 deep trolls
  5 goliath frogs
  A glowing orange brain (Vaults:2)
  8 swamp dragons (Swamp:4)
  3 spriggan druids
  10 orb spiders
  5 bog bodies
  An obsidian statue (D:15)
  A tengu zombie (Vaults:2)
  5 necromancers
  12 orc knights
  6 steelbarb worms
  12 ironbound convokers
  11 wizards
  11 lindwurms
  6 deep elf pyromancers
  5 orc sorcerers
  9 cyclopes
  19 wolf spiders
  A harpy (Vaults:2)
  23 ugly things
  3 manticores
  3 will-o-the-wisps
  5 moths of wrath
  A black mamba (Lair:3)
  3 salamanders (Volcano)
  19 vault sentinels
  A centaur zombie (D:15)
  8 demonic crawlers
  9 elephants
  3 ice statues
  2 naga magi
  A centaur skeleton (D:15)
  2 gargoyles (D:12)
  An unseen horror (D:12)
  4 efreet
  6 cane toads
  A cane toad (shapeshifter) (D:13)
  3 smoke demons
  7 torpor snails
  2 kobold demonologists
  3 freezing wraiths
  24 yaktaurs
  4 rime drakes
  7 komodo dragons
  2 tengu conjurers
  2 ancient zymes
  A meliai (Lair:2)
  13 polar bears
  A tengu simulacrum (Vaults:2)
  9 trolls
  9 tyrant leeches
  A bloated husk (Swamp:2)
  38 tarantellas
  18 hornets
  5 raiju (Abyss:2)
  14 blink frogs
  19 culicivoras
  22 jumping spiders
  11 slime creatures
  A centaur simulacrum (D:15)
  7 wraiths
  4 water elementals
  3 fire bats (Volcano)
  3 shadows
  4 vampires
  4 wyverns
  A ynoxinul (Lair:5)
  9 basilisks
  A hog (Vaults:3)
  30 yaks
  A chaos spawn (Lair:5)
  15 vampire mosquitoes
  47 redbacks
  5 steam dragons
  An elf skeleton (Vaults:2)
  2 wargs (Orc:2)
  A harpy simulacrum (Vaults:3)
  17 swamp worms
  2 acid dragons
  20 water moccasins
  A hell hound (Volcano)
  A hydra simulacrum (Vaults:3)
  9 swamp drakes
  A swamp drake (shapeshifter) (Lair:5)
  12 small abominations
  2 ice beasts
  A fire dragon simulacrum (Vaults:3)
  5 black bears
  33 orc warriors
  5 sky beasts
  4 ogres
  3 boggarts (Vaults:2)
  23 wolves
  12 centaurs
  2 phantoms
  2 kobold brigands
  A human zombie (Vaults:2)
  12 bullfrogs
  2 earth elementals (Vaults:3)
  A necrophage (D:7)
  2 scorpions
  5 wights (D:8)
  3 elephant simulacra (Vaults:3)
  13 killer bees
  3 howler monkeys
  15 electric eels
  4 jellies
  Crazy Yiuf (D:7)
  2 hounds
  An iron imp (D:5)
  20 orc priests
  A gnoll bouda (D:8)
  28 orc wizards
  5 iguanas
  6 gnolls
  A naga simulacrum (Vaults:3)
  10 adders
  A white imp (D:5)
  2 ufetubi
  4 dart slugs
  75 orcs
  4 ball pythons
  3 bats
  7 endoplasms
  2 giant cockroaches
  8 goblins
  10 hobgoblins
  2 jackals (D:1)
  5 quokkas
  2 frilled lizards
  17 kobolds
  4 rats
  3 starspawn tentacles (Abyss:2)
1266 creatures vanquished.

Vanquished Creatures (collateral kills)
  A hydra (Swamp:4)
  A hell knight (Abyss:2)
  4 elephants (Lair:5)
  2 smoke demons
  An ancient zyme (Lair:5)
  A blink frog (Lair:5)
  3 jumping spiders (Spider:3)
  A ynoxinul (Lair:5)
  A spriggan (Lair:5)
  An orc warrior (D:11)
  4 small abominations (Lair:5)
  3 orcs (D:11)
23 creatures vanquished.

Vanquished Creatures (others)
  A deep elf pyromancer (D:15)
  A bloated husk (Swamp:3)
  A polar bear (IceCv)
  A hornet (Swamp:4)
  A swamp drake (Swamp:4)
  A vampire bat (Vaults:3)
  An orc wizard (D:11)
  A troll simulacrum (Vaults:3)
  2 orcs (D:11)
  4 foxfires (Swamp:3)
  21 fungi
  A lurking horror (Abyss:2)
  29 plants
  A starspawn tentacle (Abyss:2)
66 creatures vanquished.

Grand Total: 1355 creatures vanquished

Notes
Turn   | Place    | Note
-------+----------+-------------------------------------------
     0 | D:1      | jejorda2 the Merfolk Berserker began the quest for the Orb.
     0 | D:1      | Reached XP level 1. HP: 18/18 MP: 1/1
   126 | D:1      | Reached XP level 2. HP: 24/24 MP: 2/2
   476 | D:1      | Reached skill level 5 in Polearms
   518 | D:1      | Reached XP level 3. HP: 30/30 MP: 3/3
   689 | D:1      | You fall into a shaft and drop 1 floor!
  1284 | D:2      | Reached ** piety under Trog
  1379 | D:2      | Found a burning altar of Makhleb.
  1496 | D:2      | Reached XP level 4. HP: 35/37 MP: 4/4
  1968 | D:3      | Noticed a steam dragon
  1975 | D:3      | Killed a steam dragon
  1976 | D:3      | Reached skill level 7 in Polearms
  1976 | D:3      | Reached XP level 5. HP: 42/43 MP: 5/5
  2731 | D:4      | Reached XP level 6. HP: 46/50 MP: 6/6
  2731 | D:4      | Identified the +2 robe of Amoik {Slay+3}
  3129 | D:4      | Reached *** piety under Trog
  3130 | D:4      | Reached skill level 5 in Fighting
  3237 | D:5      | Entered Level 5 of the Dungeon
  3267 | D:5      | Identified a scroll of acquirement
  3267 | D:5      | Acquired a manual of Fighting
  3281 | D:5      | Reached skill level 8 in Polearms
  3416 | D:5      | Reached XP level 7. HP: 58/58 MP: 7/7
  3498 | D:5      | Reached skill level 9 in Polearms
  3594 | D:5      | Found a runed translucent gate.
  3595 | D:5      | Found a runed translucent gate.
  3595 | D:5      | Noticed bande's ghost (novice GrFi)
  3596 | D:5      | Found a runed translucent gate.
  3623 | D:5      | Found a snail-covered altar of Cheibriados.
  3891 | D:5      | Found a staircase to the Ecumenical Temple.
  3961 | D:6      | Found a runed translucent door.
  3968 | D:6      | Reached skill level 10 in Polearms
  3983 | D:6      | Reached XP level 8. HP: 68/68 MP: 8/8
  4058 | D:6      | Reached skill level 11 in Polearms
  4092 | D:6      | Found a broken altar of Ashenzari.
  4158 | D:6      | Reached **** piety under Trog
  4424 | D:6      | Found a radiant altar of Vehumet.
  4622 | D:6      | Reached skill level 10 in Fighting
  4622 | D:6      | Reached skill level 13 in Polearms
  4622 | D:6      | Reached XP level 9. HP: 69/78 MP: 9/9
  4875 | D:7      | Identified the +0 robe "Epoag" {+Blink}
  4908 | D:7      | Reached skill level 14 in Polearms
  5151 | D:7      | Identified the +6 short sword of Bicocoju {holy, rF+ Str-4
                  | Dex+3}
  5162 | D:7      | Found a sacrificial altar of Ru.
  5357 | D:7      | Found an opulent altar of Gozag.
  5468 | D:7      | Found a runed translucent door.
  5469 | D:7      | Noticed Crazy Yiuf
  5638 | D:7      | Killed Crazy Yiuf
  5693 | D:8      | Reached skill level 15 in Polearms
  5693 | D:8      | Reached XP level 10. HP: 73/84 MP: 10/10
  5854 | D:8      | Found Pigewn's General Store.
  6639 | D:9      | Found a shimmering blue altar of Sif Muna.
  6722 | D:9      | Reached skill level 16 in Polearms
  6740 | D:9      | Found a staircase to the Lair.
  6773 | D:9      | Found a basalt altar of Yredelemnul.
  7006 | D:9      | Noticed a kobold demonologist
  7025 | D:9      | Killed a kobold demonologist
  7268 | D:9      | Found a sparkling altar of Nemelex Xobeh.
  7461 | D:10     | Entered Level 10 of the Dungeon
  7492 | D:10     | Reached skill level 17 in Polearms
  7526 | D:10     | Found Neolic's Assorted Antiques.
  7551 | D:10     | Reached XP level 11. HP: 82/93 MP: 11/11
  7564 | D:10     | Reached skill level 5 in Armour
  7819 | D:10     | Found a white marble altar of Elyvilon.
  8127 | D:11     | Reached skill level 18 in Polearms
  8127 | D:11     | Reached skill level 1 in Evocations
  8335 | D:11     | Noticed a cyclops
  8343 | D:11     | Killed a cyclops
  8553 | D:11     | Noticed a cyclops
  8572 | D:11     | Killed a cyclops
  8632 | D:11     | Reached skill level 19 in Polearms
  8689 | D:11     | Found a staircase to the Orcish Mines.
  9146 | D:11     | Noticed a boulder beetle
  9156 | D:11     | Killed a boulder beetle
  9359 | D:11     | Noticed a wizard
  9359 | D:11     | Noticed a centaur warrior
  9359 | D:11     | Noticed a wizard
  9361 | D:11     | Noticed a deep troll earth mage
  9365 | D:11     | Killed a wizard
  9366 | D:11     | Reached skill level 20 in Polearms
  9368 | D:11     | Noticed an orc knight
  9371 | D:11     | Killed a centaur warrior
  9509 | D:11     | Killed a deep troll earth mage
  9600 | D:11     | Noticed a manticore
  9613 | D:11     | Killed a manticore
  9624 | D:11     | Killed a wizard
  9625 | D:11     | Reached XP level 12. HP: 90/102 MP: 12/12
  9642 | D:11     | Reached skill level 21 in Polearms
  9733 | D:11     | Noticed an eight-headed hydra
  9746 | D:11     | Killed an eight-headed hydra
  9811 | D:11     | Noticed a boulder beetle
  9821 | D:11     | Killed a boulder beetle
  9822 | D:11     | Reached skill level 5 in Evocations
  9893 | D:11     | Identified the +1 robe "Kaep" {Str+6 Int+5 Dex-3}
  9895 | D:11     | Identified the amulet of Piamexti {RegenMP Regen+}
 10104 | Lair:1   | Entered Level 1 of the Lair of Beasts
 10183 | Lair:1   | Found a dark tunnel.
 10192 | Lair:1   | Reached skill level 22 in Polearms
 10198 | Volcano  | Entered a volcano
 11246 | Lair:1   | Reached skill level 23 in Polearms
 11337 | Lair:1   | Identified the +7 long sword of Demand {speed, rN+ Str+5
                  | Stlth+}
 11586 | Lair:2   | Found a staircase to the Swamp.
 11586 | Lair:2   | Noticed a six-headed hydra
 11605 | Lair:2   | Killed a six-headed hydra
 11933 | Lair:2   | Noticed a death yak
 11933 | Lair:2   | Noticed a death yak
 11943 | Lair:2   | Noticed a death yak
 11943 | Lair:2   | Noticed a death yak
 11945 | Lair:2   | Noticed a death yak
 11946 | Lair:2   | Killed a death yak
 11951 | Lair:2   | Killed a death yak
 11952 | Lair:2   | Reached skill level 1 in Throwing
 11952 | Lair:2   | Reached XP level 13. HP: 111/111 MP: 13/13
 12215 | Lair:2   | Identified the +2 long sword of Suso {freeze, +Blink rPois
                  | rF++ rN+}
 12395 | Lair:2   | Found a hole to the Spider Nest.
 12639 | Lair:3   | Noticed Fannar
 12656 | Lair:3   | Killed Fannar
 12893 | Lair:3   | Reached skill level 24 in Polearms
 13187 | Lair:3   | Reached skill level 5 in Dodging
 13865 | Lair:4   | Found a frozen archway.
 13880 | IceCv    | Entered an ice cave
 13942 | IceCv    | Reached skill level 5 in Throwing
 14205 | IceCv    | Reached ***** piety under Trog
 14232 | IceCv    | Noticed a frost giant
 14250 | IceCv    | Killed a frost giant
 14259 | IceCv    | Reached skill level 15 in Fighting
 14275 | IceCv    | Reached XP level 14. HP: 123/123 MP: 14/14
 14340 | IceCv    | Identified the +7 plate armour of Okawaru's Benevolence
                  | {rF+ Will+}
 14356 | IceCv    | Identified the +3 broad axe of Recklessness {protect,
                  | Int+2}
 15226 | Lair:5   | Entered Level 5 of the Lair of Beasts
 15371 | Lair:5   | Received a gift from Trog
 15494 | Lair:5   | Reached skill level 10 in Throwing
 15515 | Lair:5   | Identified the +6 plate armour "Lyutab" {rPois rN++ rCorr}
 15665 | Lair:5   | Reached skill level 10 in Dodging
 15776 | Lair:5   | Found a corrupted altar of Lugonu.
 15776 | Lair:5   | Found a one-way gate to the infinite horrors of the Abyss.
 15923 | Lair:5   | Found a staircase to the Slime Pits.
 16097 | Lair:5   | Noticed Kirke
 16111 | Lair:5   | Killed Kirke
 16602 | D:12     | Reached XP level 15. HP: 105/129 MP: 15/15
 17069 | D:12     | Noticed Josephine
 17082 | D:12     | Killed Josephine
 17402 | D:12     | Noticed Nessos
 17408 | D:12     | Killed Nessos
 17851 | D:13     | Found a gate to the Vaults.
 18437 | D:14     | Reached ****** piety under Trog
 18475 | D:14     | Found a glowing golden altar of the Shining One.
 18674 | D:14     | Received a gift from Trog
 19064 | D:15     | Entered Level 15 of the Dungeon
 19132 | D:15     | Found the +3 crown of Dyrovepreva {rElec Int+2 SInv}
 19392 | D:15     | Noticed Roxanne
 19433 | D:15     | Killed Roxanne
 19571 | D:15     | Found a portal to a secret trove of treasure.
 19592 | D:15     | Reached XP level 16. HP: 138/138 MP: 16/16
 19750 | D:15     | Found a staircase to the Depths.
 20059 | Orc:1    | Entered Level 1 of the Orcish Mines
 20296 | Orc:1    | Noticed Snorg
 20307 | Orc:1    | Killed Snorg
 20397 | Orc:1    | Noticed Erolcha
 20401 | Orc:1    | Killed Erolcha
 20624 | Orc:2    | Entered Level 2 of the Orcish Mines
 20787 | Orc:2    | Received a gift from Trog
 21038 | Orc:2    | Found Baumo's Assorted Antiques.
 21082 | Orc:2    | Reached skill level 15 in Throwing
 21128 | Orc:2    | Found Muor's Magic Scroll Emporium.
 21132 | Orc:2    | Bought a scroll labelled BYKLAY YFASEWK for 34 gold pieces
 21136 | Orc:2    | Bought a scroll of immolation for 68 gold pieces
 21136 | Orc:2    | Found Gett's Book Emporium.
 21138 | Orc:2    | Found Gaxol's Weapon Shop.
 21278 | Orc:2    | Found a staircase to the Elven Halls.
 21591 | Orc:2    | Bought a scroll of acquirement for 1768 gold pieces
 21591 | Orc:2    | Bought a glowing copper wand for 136 gold pieces
 21592 | Orc:2    | Acquired a manual of Throwing
 21841 | Swamp:1  | Entered Level 1 of the Swamp
 21941 | Swamp:1  | You are sucked into a shaft and drop 1 floor!
 22628 | Swamp:2  | Reached skill level 10 in Armour
 23027 | Swamp:3  | Noticed Jorgrun
 23039 | Swamp:3  | Killed Jorgrun
 23247 | Swamp:3  | Received a gift from Trog
 23253 | Swamp:3  | Reached XP level 17. HP: 144/144 MP: 17/17
 23329 | Swamp:3  | Noticed Bai Suzhen
 23341 | Swamp:3  | Killed Bai Suzhen
 23729 | Swamp:4  | Entered Level 4 of the Swamp
 23774 | Swamp:4  | Paralysed by a fenstrider witch for 4 turns
 23957 | Swamp:4  | Got a decaying rune of Zot
 25017 | Spider:1 | Entered Level 1 of the Spider Nest
 25161 | Spider:1 | Identified the +6 ring mail of Minor Irritation {rF++ rC+
                  | rN+}
 25228 | Spider:1 | Received a gift from Trog
 25550 | Spider:1 | Noticed Mlioglotl
 25564 | Spider:1 | Killed Mlioglotl
 26093 | Spider:1 | Upgraded the game from 0.30-a0-802-gb92711bcdf to
                  | 0.30-a0-808-g6e0788376e
 26254 | Spider:2 | Reached XP level 18. HP: 112/154 MP: 0/18
 27332 | Spider:3 | Received a gift from Trog
 27933 | Spider:4 | Entered Level 4 of the Spider Nest
 29012 | Spider:4 | Received a gift from Trog
 29356 | Spider:4 | Got a gossamer rune of Zot
 29670 | Vaults:1 | Entered Level 1 of the Vaults
 29903 | Vaults:1 | Reached XP level 19. HP: 154/163 MP: 19/19
 30180 | Vaults:1 | Found Otilimoh's General Store.
 30340 | Vaults:1 | Noticed Nikola
 30353 | Vaults:1 | Killed Nikola
 31150 | Vaults:1 | Received a gift from Trog
 32020 | Vaults:2 | Reached skill level 15 in Dodging
 32037 | Vaults:2 | Received a gift from Trog
 32344 | Vaults:2 | You are sucked into a shaft and drop 1 floor!
 32478 | Vaults:2 | Found Yqoshaz's Antique Weapon Shop.
 32881 | Vaults:2 | Found Unyinex's Distillery.
 33190 | Vaults:3 | Noticed Margery
 33196 | Vaults:3 | Killed Margery
 33197 | Abyss:2  | Cast into level 2 of the Abyss (hell knight)
 33479 | Abyss:2  | Received a gift from Trog
 33677 | Abyss:2  | Reached XP level 20. HP: 70/172 MP: 20/20
 33677 | Vaults:3 | Escaped the Abyss
 33776 | Vaults:3 | Noticed Aizul
 33802 | Vaults:3 | Killed Aizul
 33973 | Vaults:3 | Found Voazar's Armour Emporium.
 34211 | Vaults:3 | Received a gift from Trog
 34589 | Vaults:3 | Reached skill level 15 in Armour
 34655 | Vaults:3 | Found a staircase to the Crypt.
 34655 | Vaults:3 | Found a basalt altar of Yredelemnul.
 34655 | Vaults:3 | Found an ancient bone altar of Kikubaaqudgha.
 34932 | Vaults:3 | Received a gift from Trog
 35775 | Vaults:4 | Found a transporter.
 35785 | Vaults:4 | Found a transporter.
 36048 | Vaults:4 | Blown up by a great orb of eyes

Illustrated notes

Levels and vault maps discovered:
D:1:      dpeg_arrival_prison, layout_basic
D:2:      layout_rooms, basic_altar
D:3:      layout_loops_cross
D:4:      layout_loops_ring
D:5:      layout_rooms, slow_altar_1, minmay_temple_entry_statues_pillars,
          ebering_ghost_rock_garden, nicolae_underground_beach
D:6:      layout_cave_pools, vehumet_statue, ashenzari_conservatory_becter,
          lightli_church_of_beogh
D:7:      layout_loops_ring, mainiacjoe_overflow_chevrons, kennysheep_mini_moat,
          uniq_crazy_yiuf_cottage
D:8:      layout_basic, serial_shops, nicolae_shop_crystal
D:9:      kennysheep_blocky_room, layout_rooms, nicolae_overflow_crystal_walls,
          mainiacjoe_overflow_catch_the_wave
D:10:     layout_rooms, mainiacjoe_overflow_six_doors_small, serial_shops, shop
D:11:     layout_basic, erik_orc_2, minmay_evil_grid
D:12:     wad_lake_hut, layout_loops_ring, special_room [special_room_orc],
          uniq_sonja, uniq_nessos, uniq_josephine
D:13:     layout_cave_pools, david_vaults_5, kb_tengu_band
D:14:     layout_irregular_city, tso_metal_star
D:15:     grunt_enter_depths_magical_seal, layout_irregular_city,
          nicolae_water_bricks, enter_trove_3, minmay_protected_statue,
          uniq_roxanne
Lair:1:   layout_cave_shapes, nicolae_volcano_entry_lava_flow,
          lemuel_fruit_fields, serial_bayou_shore_a, grunt_megastairs_1
Lair:2:   layout_regular_city, minmay_swamp_entry_reptiles,
          hellmonk_spider_entry_not_the_bees
Lair:3:   layout_chaotic_city, uniq_fannar
Lair:4:   layout_regular_city, portal_ice_cave_entry_pillars_2,
          infiniplex_staircase_pool
Lair:5:   hellmonk_lair_end_abyssal_woods, layout_gridlike, slime_entry_1,
          uniq_kirke
Swamp:1:  layout_falls_marsh, serial_swamp_ruin, evilmike_swamp_ruin_house_1,
          evilmike_swamp_ruin_house_6
Swamp:2:  layout_basic_swamp, infiniplex_staircase_pool_2
Swamp:3:  layout_basic_swamp, nicolae_swamp_well_well_well, uniq_bai_suzhen,
          uniq_jorgrun
Swamp:4:  swamp, layout_basic_swamp, swamp_pool3, nicolae_swamp_treefoil
Spider:1: layout_spider_delve, hellmonk_spider_spawner, uniq_mlioglotl
Spider:2: layout_spider_delve
Spider:3: layout_spider_delve, nicolae_spider_twisty_arc_passages
Spider:4: spider_rune_water, drop_trap
Orc:1:    layout_diamond_mine, uniq_snorg, uniq_erolcha
Orc:2:    st_orc_elflike, layout_diamond_mine
Vaults:1: nicolae_vaults_windows_and_doors_thing,
          hangedman_vaults_corner_blocks, vaults_dpeg_hooks, v_misc_22,
          hangedman_vaults_slice, vaults_room_corners,
          nicolae_vaults_border_crossing, layout_vaults_quadrants, serial_shops,
          nicolae_shop_hallway_plus, uniq_nikola
Vaults:2: ontoclasm_vaults_eye, vaults_mumra_hexcomb, vaults_dpeg_doors,
          nicolae_vaults_ninety_degrees, nicolae_vaults_specimen_jars,
          nicolae_vaults_little_squares_1, nicolae_vaults_yaktaur_gun_rack,
          ontoclasm_vaults_fault, v_misc_15, hangedman_vaults_impose,
          nicolae_vaults_ring_of_whatevers, v_rooms_2,
          nicolae_vaults_shelves_hall, hangedman_vaults_variations,
          layout_vaults_maze_bifur, serial_shops, nicolae_shop_hallway_plus,
          shop
Vaults:3: ontoclasm_vaults_pinch, nicolae_vaults_little_squares_3,
          hangedman_vaults_river_flow, vaults_room_door_hall,
          nicolae_vaults_know_your_exits, dpeg_vaults_monster_box,
          vaults_room_boxed, vaults_dpeg_diagonal, vaults_room_corners,
          nicolae_vaults_little_squares_5, minmay_crypt_entry_necro_gods,
          v_misc_14, v_misc_17, ontoclasm_vaults_gateway, layout_vaults_omnibox,
          serial_hangedman_research, hangedman_research_thermodynamics,
          hangedman_research_quantum, hangedman_research_metamorphosis,
          hangedman_research_geology, uniq_margery, uniq_aizul
Vaults:4: nicolae_vaults_network_quinsquares
          [nicolae_vaults_network_quincunx_subvault,
          nicolae_vaults_network_quincunx_subvault,
          nicolae_vaults_network_quincunx_subvault,
          nicolae_vaults_network_quincunx_subvault], nicolae_vaults_what_the_h,
          v_pattern_5, v_misc_18, v_misc_22, hangedman_vaults_capsules,
          vaults_standard_mumra_enter_the_diamond, ontoclasm_vaults_ring_large,
          grunt_vaults_focal, vaults_room_stairs_pillars,
          grunt_vaults_hallway_long, vaults_room_pool, gammafunk_sealed_arena,
          vaults_room_hallway, serial_ice_g, vaults_room_pool,
          layout_vaults_omnicross

Skill      XL: |  1  2  3  4  5  6  7  8  9 10 11 12 13 14 15 16 17 18 19 20 |
---------------+-------------------------------------------------------------+-----
Polearms       | 5 7 8 10 13 15 17 20 23 24 | 24.2
Fighting       | 4 6 7 10 11 12 13 15 16 17 18 19 | 19.4
Armour         | 3 4 6 7 8 10 11 13 14 15 | 15.3
Evocations     | 4 6 8 9 |  9.0
Dodging        | 3 7 10 12 14 15 16 | 16.5
Throwing       | 1 6 11 13 16 17 19 | 19.5

Action                     |  1- 3 |  4- 6 |  7- 9 | 10-12 | 13-15 | 16-18 | 19-21 || total
---------------------------+-------+-------+-------+-------+-------+-------+-------++-------
  Melee: Spear             |   112 |       |       |    12 |    34 |       |       ||   158
         Glaive            |     8 |   129 |   188 |   482 |    19 |   739 |   402 ||  1967
         Bardiche          |       |       |       |    38 |  1022 |   480 |   456 ||  1996
  Throw: Stone             |     1 |     4 |     8 |     3 |    20 |       |     8 ||    44
         Throwing net      |       |       |       |     1 |       |       |       ||     1
         Dart              |       |       |       |    11 |     1 |    37 |     4 ||    53
         Boomerang         |       |       |       |       |    13 |   232 |    23 ||   268
         Javelin           |       |       |       |       |       |     3 |       ||     3
 Invoke: Berserk           |     1 |     1 |     3 |    18 |     9 |    11 |     7 ||    50
         Trog's Hand       |       |     1 |     3 |     9 |     7 |     9 |     9 ||    38
         Brothers in Arms  |       |       |       |     1 |     1 |     2 |     1 ||     5
  Evoke: Phial of floods   |       |       |       |     1 |     1 |       |     1 ||     3
         Wand              |       |       |       |       |       |     7 |       ||     7
         Condenser vane    |       |       |       |       |       |     1 |       ||     1
    Use: Scroll            |       |    13 |     4 |    10 |     4 |     6 |     2 ||    39
         Potion            |       |       |     1 |       |       |     2 |       ||     3
   Stab: Sleeping          |     1 |       |       |       |       |       |       ||     1
         Distracted        |       |     1 |       |       |     1 |     1 |     1 ||     4
         Confused          |       |       |       |       |       |     1 |       ||     1
 Armour: Animal skin       |     9 |       |       |       |       |       |       ||     9
         Ring mail         |     1 |     3 |       |       |       |       |       ||     4
         Plate armour      |       |    72 |    94 |   330 |   519 |   833 |   366 ||  2214
  Dodge: Dodged            |    49 |    36 |    49 |   226 |   427 |   750 |   344 ||  1881

Table legend: (Time is in decaauts)
 A = Elapsed time spent in this place.
 B = Non-inter-level travel time spent in this place.
 C = Inter-level travel time spent in this place.
 D = Time resting spent in this place.
 E = Time spent auto-exploring this place.
 F = Levels seen in this place.
 G = Mean time per level.
                   A        B        C        D        E       F      G
               +--------+--------+--------+--------+--------+-----+--------+
         Total |  35131 |  32175 |   2956 |   4009 |  20761 |  37 |  949.5 |
       Dungeon |  14218 |  13036 |   1182 |   1120 |   9324 |  15 |  947.9 |
          Lair |   5541 |   4913 |    628 |    511 |   3284 |   5 | 1108.2 |
         Swamp |   2411 |   2312 |     99 |    181 |   1415 |   4 |  602.8 |
   Spider Nest |   4404 |   4034 |    370 |   1222 |   1861 |   4 | 1101.0 |
  Orcish Mines |   1578 |   1311 |    267 |     43 |    996 |   2 |  789.0 |
        Vaults |   5393 |   4986 |    407 |    625 |   3245 |   4 | 1348.2 |
         Abyss |    483 |    483 |      0 |     48 |    291 |   1 |  483.0 |
      Ice Cave |    696 |    696 |      0 |    144 |    212 |   1 |  696.0 |
       Volcano |    403 |    403 |      0 |    111 |    131 |   1 |  403.0 |
               +--------+--------+--------+--------+--------+-----+--------+

Top non-repeatable levels by time:
    D:11: 1977 daAuts
Vaults:1: 1649 daAuts
Vaults:3: 1578 daAuts
Vaults:2: 1577 daAuts
Spider:4: 1358 daAuts
  Lair:2: 1339 daAuts
  Lair:5: 1199 daAuts
  Lair:1: 1191 daAuts
     D:1: 1173 daAuts
Spider:1: 1163 daAuts
    D:12: 1113 daAuts
Spider:2: 1047 daAuts
     D:9: 1013 daAuts
     D:8: 983 daAuts
    D:14: 969 daAuts
